 Dungeon Crawl Stone Soup version 0.27-a0-1565-gad902ab807 (webtiles) character file.

Game seed: 5741984020350648515

3 Leszczynek the Chopper (level 1, 0/16 HPs)
             Began as a Human Gladiator on July 16, 2021.
             Frozen to death by an endoplasm (4 damage)
             ... on level 1 of the Dungeon.
             The game lasted 00:01:06 (82 turns).

Leszczynek the Chopper (Human Gladiator)              Turns: 82, Time: 00:01:07

Health: 0/16       AC:  4    Str: 14    XL:     1   Next: 55%
Magic:  1/1        EV: 12    Int:  8    God:
Gold:   11         SH:  0    Dex: 14    Spells: 0/0 levels left

rFire    . . .     SeeInvis .   a - +0 war axe
rCold    . . .     Faith    .   (no shield)
rNeg     . . .     Spirit   .   b - +0 leather armour
rPois    .         Reflect  .   c - +0 helmet
rElec    .         Harm     .   (no cloak)
rCorr    .         Rampage  .   (no gloves)
Will     .....                  (no boots)
Stlth    +.........             (no amulet)
HPRegen  0.05/turn              (no ring)
MPRegen  0.07/turn              (no ring)

@: no status effects
A: no striking features
a: no special abilities


You were on level 1 of the Dungeon.
You visited 1 branch of the dungeon, and saw 1 of its levels.

You collected 11 gold pieces.

Inventory:

Hand Weapons
 a - a +0 war axe (weapon)
Missiles
 d - 2 throwing nets (quivered)
Armour
 b - a +0 leather armour (worn)
 c - a +0 helmet (worn)


   Skills:
 - Level 2.0 Fighting
 + Level 3.2 Axes
 - Level 2.0 Throwing
 - Level 3.0 Dodging


You couldn't memorise any spells.
You didn't know any spells.
Your spell library was empty.

Dungeon Overview and Level Annotations

Branches:
Dungeon (1/15)

Altars:


Message History

You kill the kobold!
The hobgoblin hits you but does no damage.
You barely miss the hobgoblin. The hobgoblin closely misses you.
You barely miss the hobgoblin. The hobgoblin misses you.
You hit the hobgoblin.
The hobgoblin is moderately wounded.
The hobgoblin hits you but does no damage.
The hobgoblin hits you.
You closely miss the hobgoblin. The hobgoblin hits you.
* * * LOW HITPOINT WARNING * * *
You slash the hobgoblin!
You kill the hobgoblin!
Things that are here:
a +0 short sword; a hobgoblin corpse
Enter note: sure
Found 10 gold pieces.
An endoplasm comes into view.
Found 10 gold pieces.
Found a stone staircase leading down.
A bat, an endoplasm and a kobold come into view.
Found a ruby ring.
The kobold shouts!
A ball python comes into view.
The ball python moves out of view.
The bat hits you but does no damage. The bat hits you but does no damage.
The bat hits you but does no damage. The bat hits you.
* * * LOW HITPOINT WARNING * * *
Things that are here:
a +0 short sword; a hobgoblin corpse You aren't carrying any potions.
Throw: 3 throwing nets
Press: ? - help, Q - select action Shift-Dir - straight line, f - endoplasm
Aim: an endoplasm (86% to hit)
You throw a throwing net.
The throwing net barely misses the endoplasm.
The endoplasm freezes you.
You are frozen.
You die...

##### ... #...# ....
##################...###....
#..(..........@Jb....(.#...
#.#####.#########.......##
#.#####.# #........# #
#.....#.. #.b......#>#
#.###.###. #K.........#
#.#.....#.. #.........##
#.#.###.# ## #.........#
#.#.# ... #........## #.#.#
### #...$....#


You could see an endoplasm and a bat.

Vanquished Creatures
  A giant cockroach (D:1)
  A hobgoblin (D:1)
  A kobold (D:1)
3 creatures vanquished.

Notes
Turn   | Place    | Note
-------+----------+-------------------------------------------
     0 | D:1      | Leszczynek the Human Gladiator began the quest for the Orb.
     0 | D:1      | Reached XP level 1. HP: 16/16 MP: 1/1
    68 | D:1      | sure
    82 | D:1      | Frozen to death by an endoplasm

Illustrated notes

## ..#
##################...###
#..(............@......#
#.#####.#########.......
#.#####.# .......
#.....#.. .......
#.###.###. .......
#.#.....#.. .......
#.#.###.# ## .......
#.#.# ... ....... #.#.#
###


Turn 68 on D:1: sure

Levels and vault maps discovered:
D:1:      elethiomel_arrival_maze, layout_rooms, ebering_ecumenical_altar_box

Action                   || total
-------------------------++-------
Melee: War axe           ||    20
Throw: Throwing net      ||     1
Armor: Leather armour    ||    10
Dodge: Dodged            ||    12

Table legend: (Time is in decaauts)
 A = Elapsed time spent in this place.
 B = Non-inter-level travel time spent in this place.
 C = Inter-level travel time spent in this place.
 D = Time resting spent in this place.
 E = Time spent auto-exploring this place.
 F = Levels seen in this place.
 G = Mean time per level.
                   A        B        C        D        E       F      G
               +--------+--------+--------+--------+--------+-----+--------+
         Total |     88 |     88 |      0 |      0 |      0 |   1 |   88.0 |
       Dungeon |     88 |     88 |      0 |      0 |      0 |   1 |   88.0 |
               +--------+--------+--------+--------+--------+-----+--------+

Top non-repeatable levels by time:
     D:1: 88 daAuts
